 Dungeon Crawl Stone Soup version 0.31-a0-1242-g57893ffec4 (webtiles) character file.

Game seed: 2465028695073334479

985 Gargoyl the Trooper (level 8, -3/50 HPs)
             Began as a Gargoyle Berserker on Dec 16, 2023.
             Was a Priest of Trog.
             Slain by a gnoll
             ... wielding a +0 halberd
              (6 damage)
             ... on level 4 of the Dungeon.
             The game lasted 00:05:34 (2990 turns).

Gargoyl the Trooper (Gargoyle Berserker)            Turns: 2990, Time: 00:05:35

Health: -3/50      AC: 11    Str: 20    XL:     8   Next: 18%
Magic:  8/8        EV: 12    Int:  9    God:    Trog [***...]
Gold:   326        SH:  0    Dex: 11    Spells: 7/7 levels left

rFire   . . .        j - +0 spear
rCold   . . .        (no shield)
rNeg    + . .        k - +0 ring mail
rPois   ∞            (no helmet)
rElec   +            (no cloak)
rCorr   .            (no gloves)
SInv    .            (no boots)
Will    ++...        (no amulet)
Stlth   +            (no ring)
HPRegen 1.28/turn    (no ring)
MPRegen 0.11/turn

%: no passive effects
@: mighty, strong-willed, on berserk cooldown, regenerating, slowed, very slow
A: sickness immunity, AC +5, negative energy resistance 1, electricity
resistance, torment resistance 1, petrification resistance
a: Renounce Religion, Berserk, Trog's Hand


You were on level 4 of the Dungeon.
You worshipped Trog.
Trog was most pleased with you.
You visited 1 branch of the dungeon, and saw 4 of its levels.

You collected 326 gold pieces.

Inventory:

Hand Weapons
 a - a +0 hand axe
 j - a +0 spear (weapon)
Armour
 k - a +0 ring mail (worn)
Jewellery
 h - a ring of positive energy
Wands
 f - a wand of paralysis (4)
Scrolls
 i - a scroll of teleportation {unknown}
 m - a scroll of identify
Potions
 b - a potion of magic
 c - 3 potions of haste
 e - 3 potions of might


   Skills:
 + Level 5.5 Fighting
 + Level 4.1(4.8) Axes
 + Level 3.6(4.5) Polearms
 + Level 5.4 Armour
 + Level 3.5 Dodging
 + Level 0.6 Stealth


You had 7 spell levels left.
You didn't know any spells.
Your spell library was empty.

Dungeon Overview and Level Annotations

Branches:
Dungeon (4/15)
 Temple: D:4-7

Altars:
Gozag

Annotations:
D:4 Edmund


Innate Abilities, Weirdness & Mutations

You are immune to sickness and miasma.
Your stone body is resilient. (AC +5)
You are immune to poison.
You resist negative energy. (rN+)
You are resistant to electric shocks. (rElec)
You are resistant to unholy torment.
You are immune to petrification.


Message History

* * * LOW HITPOINT WARNING * * *
Edmund hits you with a +0 flail of draining.
* * * LOW HITPOINT WARNING * * *
The hobgoblin barely misses you. The kobold hits you but does no damage.
The gnoll barely misses you.
You feel better. The hound bites you but does no damage. The gnoll misses you.
The hound bites you but does no damage. The kobold closely misses you.
Edmund hits you with a +0 flail of draining.
* * * LOW HITPOINT WARNING * * *
The hobgoblin hits you but does no damage.
The gnoll misses you. The gnoll barely misses you.
The hound bites you but does no damage.
You feel better. Edmund misses you. The hound bites you but does no damage.
The kobold hits you but does no damage. The gnoll hits you but does no damage.
The hobgoblin hits you. The gnoll closely misses you.
The gnoll barely misses you.
Edmund hits you with a +0 flail of draining.
The hound barely misses you.
The hobgoblin hits you but does no damage.
The gnoll hits you from afar with a +0 spear of venom.
The kobold barely misses you. The gnoll closely misses you.
You feel better. The hound bites you but does no damage.
The gnoll hits you from afar with a +0 halberd!
Edmund hits you with a +0 flail of draining.
The kobold closely misses you. The hobgoblin closely misses you.
The gnoll hits you from afar with a +0 halberd!
* * * LOW HITPOINT WARNING * * *
The gnoll hits you from afar with a +0 spear of venom.
* * * LOW HITPOINT WARNING * * *
The gnoll completely misses you. The hound bites you but does no damage.
The gnoll closely misses you.
The air fills with toxic fumes!
As you read the scroll of poison, it crumbles to dust.
The hound misses you.
Edmund hits you with a +0 flail of draining!
* * * LOW HITPOINT WARNING * * *
The kobold barely misses you. The gnoll closely misses you.
The gnoll hits you but does no damage. The hobgoblin barely misses you.
The gnoll hits you with a +0 halberd.
You die...

######### §§§§§§§§#
§§§§§§#g####
##§#§§§§§§§#
§§§§ggK@h§§##
§§§§§gg@g§§§##
§§§§§§§g§###§###########
§§§§§§§§## ##..........#
§§§§§§§§# #.########.#
§§§§§§§§# #.# #.#
§§§§§§§#§ .## #.#
§§§§#§# # .# #.# .# #.#


You could see Edmund, a hound, 5 gnolls, 2 hobgoblins and a kobold.

Vanquished Creatures
  The ghost of anet the Ducker, an amateur DjHW (D:3)
  Sigmund (D:3)
  A black bear (D:4)
  An ogre (D:2)
  A bullfrog (D:3)
  Blork the orc (D:4)
  A scorpion (D:4)
  A hound (D:4)
  A gnoll bouda (D:4)
  An orc priest (D:3)
  An iguana (D:3)
  4 gnolls (D:4)
  An adder (D:3)
  A white imp (D:3)
  2 worms (D:2)
  A dart slug (D:2)
  8 orcs (D:3)
  6 endoplasms
  4 giant cockroaches
  15 goblins
  10 hobgoblins
  11 jackals
  4 quokkas
  6 ball pythons
  7 bats
  2 frilled lizards
  7 kobolds
  7 rats
107 creatures vanquished.

Notes
Turn   | Place    | Note
-------+----------+-------------------------------------------
     0 | D:1      | Gargoyl the Gargoyle Berserker began the quest for the Orb.
     0 | D:1      | Reached XP level 1. HP: 14/14 MP: 1/1
   152 | D:1      | Reached XP level 2. HP: 6/19 MP: 2/2
   553 | D:1      | Reached XP level 3. HP: 22/24 MP: 3/3
   640 | D:1      | Reached ** piety under Trog
   877 | D:1      | Found a faded altar of an unknown god.
  1012 | D:2      | Noticed an ogre
  1020 | D:2      | Killed an ogre
  1021 | D:2      | Reached XP level 4. HP: 21/29 MP: 4/4
  1021 | D:2      | Reached XP level 5. HP: 24/33 MP: 5/5
  1832 | D:3      | Found a runed translucent gate.
  1832 | D:3      | Found a runed translucent gate.
  1832 | D:3      | Found a runed translucent gate.
  1833 | D:3      | Found an opulent altar of Gozag.
  1844 | D:3      | Noticed anet's ghost (amateur DjHW)
  2005 | D:3      | Reached *** piety under Trog
  2033 | D:3      | Reached skill level 1 in Polearms
  2083 | D:3      | Noticed Sigmund
  2134 | D:3      | Killed Sigmund
  2135 | D:3      | Reached XP level 6. HP: 36/40 MP: 6/6
  2473 | D:3      | Reached XP level 7. HP: 44/44 MP: 7/7
  2484 | D:3      | Killed anet's ghost
  2485 | D:3      | Reached skill level 5 in Fighting
  2676 | D:4      | Noticed Blork the orc
  2701 | D:4      | Killed Blork the orc
  2702 | D:4      | Reached XP level 8. HP: 26/49 MP: 8/8
  2864 | D:4      | Reached skill level 5 in Armour
  2956 | D:4      | Noticed Edmund
  2990 | D:4      | Slain by a gnoll

Illustrated notes

Levels and vault maps discovered:
D:1:      lightli_arrival_statuegarden, layout_basic,
          shapermc_ecumenical_altar_petra, kennysheep_minor_cross, st_stairs_11,
          skrybe_limestone_x
D:2:      layout_loops_cross, minivault_11, minmay_goblin_outpost
D:3:      layout_rooms, ebering_ghost_gozag, uniq_sigmund
D:4:      layout_loops_ring, nicolae_uskayaw_suspiria, uniq_edmund,
          uniq_blork_the_orc

Skill      XL: |  1  2  3  4  5  6  7  8 |
---------------+-------------------------+-----
Axes           | 3 4 |  4.1
Fighting       | 4 5 |  5.5
Dodging        | 2 3 |  3.5
Polearms       | 2 3 |  3.6
Armour         | 3 4 5 |  5.4
Stealth        | |  0.6

Action                     |  1- 3 |  4- 6 |  7- 9 || total
---------------------------+-------+-------+-------++-------
  Melee: Hand axe          |    99 |    70 |       ||   169
         Punch             |     1 |     1 |     2 ||     4
         Spear             |       |   120 |   104 ||   224
 Invoke: Berserk           |     2 |     6 |     2 ||    10
         Trog's Hand       |     1 |     2 |     2 ||     5
    Use: Scroll            |     4 |     4 |     3 ||    11
         Potion            |       |     1 |     5 ||     6
 Armour: Animal skin       |   103 |    23 |       ||   126
         Ring mail         |       |   151 |   155 ||   306
  Dodge: Dodged            |   107 |   146 |   138 ||   391

Table legend: (Time is in decaauts)
 A = Elapsed time spent in this place.
 B = Non-inter-level travel time spent in this place.
 C = Inter-level travel time spent in this place.
 D = Time resting spent in this place.
 E = Time spent auto-exploring this place.
 F = Levels seen in this place.
 G = Mean time per level.
                   A        B        C        D        E       F      G
               +--------+--------+--------+--------+--------+-----+--------+
         Total |   3077 |   3024 |     53 |    172 |   1949 |   4 |  769.2 |
       Dungeon |   3077 |   3024 |     53 |    172 |   1949 |   4 |  769.2 |
               +--------+--------+--------+--------+--------+-----+--------+

Top non-repeatable levels by time:
     D:1: 1010 daAuts
     D:2: 861 daAuts
     D:3: 842 daAuts
     D:4: 362 daAuts
